 Dungeon Crawl Stone Soup version 0.24-a0-307-gf989941 (webtiles) character file.

Game seed: 9935072743300638792

207 mhoghedin the Grave Robber (level 5, 0/38 HPs)
             Began as a Demigod Necromancer on May 12, 2019.
             Slain by Purgy (6 damage)
             ... on level 2 of the Dungeon.
             The game lasted 00:11:58 (3015 turns).

mhoghedin the Grave Robber (Demigod Necromancer)    Turns: 3015, Time: 00:11:58

Health: 0/38       AC:  8    Str: 11    XL:     5   Next: 28%
Magic:  1/13       EV: 12    Int: 21    God:
Gold:   80         SH:  0    Dex: 16    Spells: 3/11 levels left

rFire    . . .     SeeInvis .   b - +0 short sword
rCold    + . .     Gourm    .   (no shield)
rNeg     . . .     Faith    .   h - +1 leather armour
rPois    .         Spirit   .   (no helmet)
rElec    .         Reflect  .   (no cloak)
rCorr    .         Harm     .   (no gloves)
MR       .....                  (no boots)
Stlth    ++........             (no amulet)
HPRegen  0.12/turn              a - +2 ring of protection
MPRegen  0.13/turn              (no ring)

@: no status effects
A: icy blue scales 1, cold resistance 1, high mp 1
a: no special abilities


You were on level 2 of the Dungeon.
You were hungry.

You visited 1 branch of the dungeon, and saw 4 of its levels.

You collected 80 gold pieces.

Inventory:

Hand Weapons
 b - a +0 short sword (weapon)
   (You found it on level 1 of the Dungeon)
Missiles
 c - 3 boomerangs (quivered)
Armour
 h - a +1 leather armour (worn)
   (You found it on level 1 of the Dungeon)
 m - a +0 pair of gloves
   (You found it on level 3 of the Dungeon)
Jewellery
 a - a +2 ring of protection (left hand)
   (You took it off a hobgoblin on level 3 of the Dungeon)
Scrolls
 d - a scroll of enchant weapon
 f - a scroll of random uselessness
Potions
 e - a potion of mutation {!q}
Comestibles
 i - 3 chunks of flesh {@w0}
 l - 2 rations


   Skills:
 - Level 1.7 Dodging
 - Level 1.7 Stealth
 + Level 3.6 Spellcasting
 + Level 5.1 Necromancy


You had 3 spell levels left.
You knew the following spells:

 Your Spells              Type           Power        Failure   Level  Hunger
a - Pain                  Necr           ####         1%          1    None
r - Regeneration          Chrm/Necr      ##........   17%         3    ###....
x - Vampiric Draining     Necr           ####......   6%          3    ###....
A - Animate Skeleton      Necr           N/A          1%          1    None

Your spell library contained the following spells:

 Spells                   Type           Power        Failure   Level  Hunger
 Animate Dead             Necr           N/A          21%         4    ####...


Dungeon Overview and Level Annotations

Branches:
Dungeon (4/15)
 Temple: D:4-7

Annotations:
D:2 Purgy


Innate Abilities, Weirdness & Mutations

You have an increased reservoir of magic. (+10% MP)
You are partially covered in icy blue scales. (AC +2)
Your flesh is cold resistant. (rC+)


Message History

The crimson imp closely misses you.
You see here a -1 hand axe.
There is a stone staircase leading up here.
The crimson imp closely misses you.
You climb upwards.
Level annotation: Purgy Purgy closely misses you.
Purgy claws you. x2
Purgy snarls, "My home!
Leave!"
Purgy closely misses you. x2; Purgy claws you.
There is a stone staircase leading down here.
You take 4 damage, and have 31/38 hp.
The crimson imp blinks!
The crimson imp blinks!
There is an escape hatch in the ceiling here.
The crimson imp hits you but does no damage.
Purgy bites you but does no damage. Purgy closely misses you.
Purgy claws you but does no damage. A mysterious force pulls you upwards.
The hatch slams shut behind you.
You hit the crimson imp but do no damage.
The crimson imp hits you but does no damage.
Purgy closely misses you. Purgy claws you but does no damage.
Purgy completely misses you.
You hit the crimson imp but do no damage.
The crimson imp barely misses you. Purgy bites you but does no damage.
Purgy misses you. Purgy barely misses you.
You closely miss the crimson imp.
The crimson imp blinks!
Purgy bites you but does no damage. Purgy barely misses you. Purgy claws you.
You take 2 damage, and have 30/38 hp.
Aim: Purgy You feel life coursing into your body.
The crimson imp blinks!
Purgy closely misses you. Purgy claws you but does no damage. x2
You regained 3 hp, and now have 33/38 hp.
You now have 10/13 mp.
Aim: Purgy (lightly wounded)
You feel life coursing into your body. Purgy bites you.
Purgy claws you but does no damage. Purgy claws you.
You now have 7/13 mp.
Aim: Purgy (moderately wounded)
You feel life coursing into your body.
You are feeling hungry.
Purgy bites you. Purgy misses you. Purgy claws you but does no damage.
You regained 2 hp, and now have 35/38 hp.
You now have 4/13 mp.
You hit Purgy but do no damage. Purgy bites you. Purgy closely misses you. x2
You take 1 damage, and have 34/38 hp.
You hit Purgy. Purgy bites you! Purgy claws you. Purgy barely misses you.
The crimson imp barely misses you.
You take 9 damage, and have 25/38 hp.
MASSIVE DAMAGE!!
Unknown command.
Aim: Purgy (moderately wounded)
You feel life coursing into your body. Purgy barely misses you. x3
The crimson imp closely misses you.
You regained 6 hp, and now have 31/38 hp.
You now have 1/13 mp.
Okay, then.
Unknown command.
Unknown command.
Aim: Purgy (severely wounded, chance to defeat MR: 89%) Purgy writhes in agony.
Purgy bites you. Purgy claws you but does no damage. x2
The crimson imp barely misses you.
You take 5 damage, and have 26/38 hp.
Aim: Purgy (severely wounded, chance to defeat MR: 89%) Purgy writhes in agony.
Purgy bites you but does no damage.
Purgy claws you but does no damage. x2; The crimson imp closely misses you.
You take 1 damage, and have 25/38 hp.
You now have 0/13 mp.
You closely miss Purgy.
Purgy snarls, "Go!
Away!"
Purgy bites you. Purgy claws you. Purgy barely misses you.
The crimson imp hits you.
You take 4 damage, and have 21/38 hp.
You hit Purgy. Purgy bites you but does no damage. Purgy claws you.
Purgy claws you but does no damage. The crimson imp misses you.
You take 3 damage, and have 18/38 hp.
You closely miss the crimson imp. Purgy bites you.
Purgy claws you but does no damage. Purgy closely misses you.
The crimson imp hits you but does no damage.
Purgy barely misses you. Purgy claws you. Purgy closely misses you.
You take 6 damage, and have 12/38 hp.
As you read the scroll labeled NUSYEL XUOGGOM, it crumbles to dust.
You feel momentarily disoriented.
It was a scroll of magic mapping.
The crimson imp hits you but does no damage.
Purgy bites you but does no damage. Purgy closely misses you.
Purgy claws you but does no damage.
Unknown command.
You completely miss Purgy. The crimson imp closely misses you. Purgy bites you.
* * * LOW HITPOINT WARNING * * *
Purgy claws you but does no damage. x2
You take 5 damage, and have 7/38 hp.
You hit Purgy.
The crimson imp blinks!
Purgy bites you.
* * * LOW HITPOINT WARNING * * *
Purgy claws you but does no damage. Purgy closely misses you.
You take 1 damage, and have 6/38 hp.
You closely miss Purgy. The crimson imp closely misses you.
Purgy bites you but does no damage. Purgy barely misses you.
Purgy claws you but does no damage.
You hit Purgy.
The crimson imp hits you but does no damage.
Purgy bites you.
You die...

....>...##.##.......).# ##..#
######.###.##.........# #..#
#.###.##.###...#.# #..#
#........#####.#.# ##..#
####Z#.#.........# ##.... #
####.#.#######.### ##<.... ##
##..Z.#....# #..## ##..>...
.####..#######.####...####.......
.+........#....T@5.......+....>..
.####...#Z#.#######...####.......
## ##..#.#.# #..## ##...... #
##.#...# #.## ##..... #.##### #.#
##...# #.# #.# ##'## #.# #.# #(#
#.# #.# #.## #.# #.#### ##...


You could see Purgy and a crimson imp.

Vanquished Creatures
  A hound (D:4)
  Jessica (D:2)
  6 adders
  A dart slug (D:3)
  4 leopard geckos
  6 orcs
  2 giant cockroaches (D:2)
  8 goblins
  10 hobgoblins
  14 jackals (D:3)
  6 kobolds
  A ball python (D:2)
  2 bats (D:3)
  3 frilled lizards
  6 rats
71 creatures vanquished.

Vanquished Creatures (collateral kills)
  An adder (D:2)
  A dart slug (D:1)
2 creatures vanquished.

Grand Total: 73 creatures vanquished

Notes
Turn   | Place    | Note
-------+----------+-------------------------------------------
     0 | D:1      | mhoghedin the Demigod Necromancer began the quest for the
                  | Orb.
     0 | D:1      | Reached XP level 1. HP: 14/14 MP: 5/5
   178 | D:1      | Learned a level 1 spell: Animate Skeleton
   284 | D:1      | Reached skill level 2 in Spellcasting
   786 | D:1      | Reached XP level 2. HP: 19/20 MP: 3/7
   895 | D:2      | Noticed Jessica
   899 | D:2      | Killed Jessica
   899 | D:2      | Reached skill level 4 in Necromancy
   899 | D:2      | Reached XP level 3. HP: 25/26 MP: 5/9
  1078 | D:2      | Learned a level 3 spell: Vampiric Draining
  1506 | D:2      | Reached skill level 3 in Spellcasting
  1506 | D:2      | Reached XP level 4. HP: 32/33 MP: 8/11
  1570 | D:2      | Learned a level 3 spell: Regeneration
  2009 | D:3      | Gained mutation: Your flesh is cold resistant. (rC+)
                  | [potion of mutation]
  2009 | D:3      | Gained mutation: You are partially covered in icy blue
                  | scales. (AC +2) [potion of mutation]
  2028 | D:3      | HP: 7/33 [orc/+0 mace (2)]
  2034 | D:3      | HP: 4/33 [leopard gecko (3)]
  2842 | D:3      | Noticed Purgy
  2845 | D:3      | Reached XP level 5. HP: 36/38 MP: 9/13
  2868 | D:4      | Reached skill level 5 in Necromancy
  3012 | D:2      | HP: 7/38 [Purgy (5)]
  3015 | D:2      | Slain by Purgy

Levels and vault maps discovered:
D:1:      dpeg_arrival_fog, layout_loops_ring
D:2:      layout_loops_corners, uniq_jessica
D:3:      cheibrodos_greedy_goblins, layout_basic,
          grunt_temple_overflow_lords_of_destruction, uniq_purgy
D:4:      layout_loops_ring, lemuel_crystal_altar,
          nicolae_overflow_crystal_walls, grunt_gozag_statues, uniq_edmund

Skill      XL: |  1  2  3  4  5 |
---------------+----------------+-----
Spellcasting   | 2 3 |  3.6
Necromancy     | 4 5 |  5.1
Dodging        | |  1.7
Stealth        | |  1.7

Action                   |  1- 3 |  4- 6 || total
-------------------------+-------+-------++-------
Melee: Hand axe          |     2 |    51 ||    53
       Short sword       |       |    23 ||    23
Throw: Boomerang         |       |     3 ||     3
 Cast: Pain              |    55 |    83 ||   138
       Animate Skeleton  |    12 |    13 ||    25
       Vampiric Draining |       |     6 ||     6
  Use: Scroll            |     2 |     4 ||     6
       Potion            |     1 |     2 ||     3
  Eat: Chunk             |     2 |     1 ||     3
       Ration            |       |     1 ||     1
Armor: Leather armour    |     2 |    74 ||    76
Dodge: Dodged            |     3 |   111 ||   114

Table legend:
 A = Non-vault XP
 B = Vault XP
 C = Vault XP percentage of total XP
 D = Non-vault monster count
 E = Vault monster count
 F = Vault count percentage of total count
                 A         B        C        D         E       F
            +---------+---------+-------+---------+---------+-------
      Total |     259 |      37 |  12.5 |      72 |       1 |   1.4
            +---------+---------+-------+---------+---------+-------
        D:1 |      17 |       0 |   0.0 |      10 |       0 |   0.0
        D:2 |      96 |      37 |  27.8 |      28 |       1 |   3.4
        D:3 |      95 |       0 |   0.0 |      31 |       0 |   0.0
        D:4 |      51 |       0 |   0.0 |       3 |       0 |   0.0
            +---------+---------+-------+---------+---------+-------

Levels and vault maps discovered:
D:1:      dpeg_arrival_fog, layout_loops_ring
D:2:      layout_loops_corners, uniq_jessica
D:3:      cheibrodos_greedy_goblins, layout_basic,
          grunt_temple_overflow_lords_of_destruction, uniq_purgy
D:4:      layout_loops_ring, lemuel_crystal_altar,
          nicolae_overflow_crystal_walls, grunt_gozag_statues, uniq_edmund

Table legend:
 A = Turns spent in this place as a percentage of turns spent in the entire game.
 B = Non-inter-level travel turns spent in this place as a percentage of non-inter-level travel turns spent in the entire game.
 C = Inter-level travel turns spent in this place as a percentage of turns spent in this place.
 D = Turns resting spent in this place as a percentage of non-inter-level travel turns spent in this place.
 E = Turns spent auto-exploring this place as a percentage of non-inter-level travel turns spent in this place.
 F = Non-inter-level travel turns spent in this place divided by the number of levels of this place that you've seen.
                   A       B       C       D       E      F
               +-------+-------+-------+-------+-------+----------------------
         Total | 100.0 | 100.0 |   2.2 |  37.7 |  40.4 | 737.5
       Dungeon | 100.0 | 100.0 |   2.2 |  37.7 |  40.4 | 737.5
               +-------+-------+-------+-------+-------+----------------------

Table legend:
 A = Kills in this place as a percentage of kills in entire the game.
 B = Kills by you in this place as a percentage of kills by you in the entire game.
 C = Kills by friends in this place as a percentage of kills by friends in the entire game.
 D = Other kills in this place as a percentage of other kills in the entire game.
 E = Experience gained in this place as a percentage of experience gained in the entire game.
 F = Experience gained in this place divided by the number of levels of this place that you have seen.
                   A       B       C       D       E      F
               +-------+-------+-------+-------+-------+----------------------
         Total | 100.0 | 100.0 | 100.0 |   N/A | 100.0 |  74.0
       Dungeon | 100.0 | 100.0 | 100.0 |   N/A | 100.0 |  74.0
               +-------+-------+-------+-------+-------+----------------------
